 Dungeon Crawl Stone Soup version 0.26-a0-1058-g8dc6ce00ff (webtiles) character file.

Game seed: 10693517333773971953

167 KristoblXynda the Ducker (level 5, -4/45 HPs)
             Began as a Troll Hedge Wizard on Dec 13, 2020.
             Killed by divine providence
             ... invoked by an orc priest
              (10 damage)
             ... on level 3 of the Dungeon.
             The game lasted 00:02:40 (2050 turns).

KristoblXynda the Ducker (Troll Hedge Wizard)       Turns: 2050, Time: 00:02:41

Health: -4/45      AC:  6    Str: 18    XL:     5   Next: 23%
Magic:  7/7        EV: 10    Int: 11    God:
Gold:   102        SH:  0    Dex:  9    Spells: 7/8 levels left

rFire    . . .     SeeInvis .     - Unarmed
rCold    . . .     Faith    .   (no shield)
rNeg     . . .     Spirit   .   b - +0 robe
rPois    .         Reflect  .   c - +0 hat
rElec    .         Harm     .   (no cloak)
rCorr    .         Rampage  .   (gloves unavailable)
Will     .....                  (boots unavailable)
Stlth    +.........             (no amulet)
HPRegen  0.55/turn              (no ring)
MPRegen  0.10/turn              (no ring)

@: hasted, very quick
A: large, unfitting armour, claws 3, regeneration 1, shaggy fur 1, tough skin 3
a: no special abilities


You were on level 3 of the Dungeon.
You visited 1 branch of the dungeon, and saw 3 of its levels.

You collected 102 gold pieces.

Inventory:

Armour
 b - a +0 robe (worn)
 c - a +0 hat (worn)
Scrolls
 d - 5 scrolls of identify {unknown}
 e - a scroll of random uselessness {unknown}
 f - a scroll of amnesia {unknown}
 g - 3 scrolls of remove curse {unknown}
 h - 3 scrolls of immolation {unknown}
 i - a scroll of teleportation {unknown}
 k - a scroll of enchant weapon {unknown}
Potions
 j - a potion of haste
 l - a potion of lignification {unknown}
 m - a potion of heal wounds {unknown}
 n - a potion of ambrosia {unknown}
 o - a potion of brilliance {unknown}


   Skills:
 + Level 2.9 Dodging
 - Level 1.0 Stealth
 + Level 2.6 Unarmed Combat
 - Level 2.0 Spellcasting
 + Level 2.2 Conjurations
 - Level 0.6 Summonings
 - Level 0.6 Translocations


You had 7 spell levels left.
You knew the following spells:

 Your Spells              Type           Power        Failure   Level
a - Magic Dart            Conj           #...         12%         1

Your spell library contained the following spells:

 Spells                   Type           Power        Failure   Level
 Blink                    Tloc           N/A          34%         2
 Call Imp                 Summ           #.......     34%         2
 Slow                     Hex            #.......     41%         2
 Conjure Flame            Conj/Fire      #.......     50%         3
 Mephitic Cloud           Conj/Pois/Air  #.......     54%         3


Dungeon Overview and Level Annotations

Branches:
Dungeon (3/15)

Altars:
Kikubaaqudgha
The Shining One


Innate Abilities, Weirdness & Mutations

You are too large for most types of armour.
You have claws for hands.
Your natural rate of healing is unusually fast.
You are covered in fur. (AC +1)
You have extremely tough skin. (AC +3)


Message History

The orc priest begins to cast a cantrip, but forgets the words!
The orc priest hits you but does no damage.
The orc priest closely misses you.
Items here: )) [ ††.
You closely miss the orc priest. You claw the orc priest!
The orc priest is severely wounded.
The orc priest calls upon Beogh to heal the orc priest.
The orc priest is healed somewhat.
The orc priest hits you with a +0 dagger.
You closely miss the orc priest.
The orc priest is heavily wounded.
The orc priest hits you with a +0 war axe!
* * * LOW HITPOINT WARNING * * *
The orc priest barely misses you.
You barely miss the orc priest.
The orc priest is heavily wounded.
The orc priest mumbles some strange prayers to Beogh against you.
Beogh smites you!
You die...

... #..#.#.# ..#.#
... #....#.# ....#
#.#..#.# ##########
#......# #........
###..#######.#######
#..# #........[.#
##+#####..#
#..........#
#.....###.#
#....<.....#
#....oo.@>#
#..........#
#.....#####
#..........# #.....#
#..........# #.....#
#..........# #.....#
#...(......# #.....#
#..........# #.....#
#..........# #.....#
############


You could see 2 orc priests.

Vanquished Creatures
  An orc priest (D:3)
  An orc wizard (D:3)
  3 adders
  An ooze (D:1)
  4 worms
  2 dart slugs (D:1)
  3 leopard geckos
  8 orcs (D:3)
  A giant cockroach (D:3)
  5 goblins
  4 hobgoblins
  2 jackals (D:2)
  3 quokkas (D:2)
  A ball python (D:1)
  6 bats
  4 frilled lizards
  A kobold (D:1)
  6 rats
56 creatures vanquished.

Notes
Turn   | Place    | Note
-------+----------+-------------------------------------------
     0 | D:1      | KristoblXynda the Troll Hedge Wizard began the quest for
                  | the Orb.
     0 | D:1      | Reached XP level 1. HP: 16/16 MP: 2/2
   148 | D:1      | Reached skill level 1 in Conjurations
   155 | D:1      | Reached XP level 2. HP: 18/24 MP: 4/4
   287 | D:1      | Reached skill level 1 in Unarmed Combat
   703 | D:2      | Found a glowing golden altar of the Shining One.
   735 | D:2      | Reached XP level 3. HP: 20/31 MP: 5/5
  1146 | D:2      | Found a faded altar of an unknown god.
  1527 | D:3      | Reached XP level 4. HP: 37/39 MP: 6/6
  1722 | D:3      | Found an ancient bone altar of Kikubaaqudgha.
  1864 | D:3      | Reached XP level 5. HP: 45/45 MP: 7/7
  2050 | D:3      | Killed from afar by an orc priest

Illustrated notes

Levels and vault maps discovered:
D:1:      dpeg_arrival_boxes_within_box, layout_basic, minmay_misc_feat_tower
D:2:      lemuel_upstairs_altar, layout_loops_ring,
          nicolae_overflow_crystal_walls, chequers_ecumenical_altar_simple_redux
D:3:      layout_basic, kiku_gazebo_pond_becter

Skill      XL: |  1  2  3  4 |
---------------+-------------+-----
Conjurations   | 1 2 |  2.2
Unarmed Combat | 1 2 |  2.6
Dodging        | 2 |  2.9
Stealth        | |  1.0
Spellcasting   | |  2.0
Summonings     | |  0.6
Translocations | |  0.6

Action                   |  1- 3 |  4- 6 || total
-------------------------+-------+-------++-------
Melee: Unarmed           |   123 |    62 ||   185
       Punch             |     1 |       ||     1
  Use: Potion            |       |     3 ||     3
 Stab: Sleeping          |     1 |       ||     1
Armor: Robe              |    35 |    13 ||    48
Dodge: Dodged            |    57 |    32 ||    89

Table legend: (Time is in decaauts)
 A = Elapsed time spent in this place.
 B = Non-inter-level travel time spent in this place.
 C = Inter-level travel time spent in this place.
 D = Time resting spent in this place.
 E = Time spent auto-exploring this place.
 F = Levels seen in this place.
 G = Mean time per level.
                   A        B        C        D        E       F      G
               +--------+--------+--------+--------+--------+-----+--------+
         Total |   2046 |   1972 |     74 |     31 |   1415 |   3 |  682.0 |
       Dungeon |   2046 |   1972 |     74 |     31 |   1415 |   3 |  682.0 |
               +--------+--------+--------+--------+--------+-----+--------+

Top non-repeatable levels by time:
     D:2: 772 daAuts
     D:1: 697 daAuts
     D:3: 576 daAuts
